 Dungeon Crawl Stone Soup version 0.19.5 (webtiles) character file.

21494 equalderp2856 the Ripper (level 12, -2/76 HPs)
             Began as a Felid Fighter on Mar 9, 2017.
             Slain by a bullfrog zombie (4 damage)
             ... on level 12 of the Dungeon.
             The game lasted 01:28:43 (28057 turns).

equalderp2856 the Ripper (Felid Fighter)           Turns: 28057, Time: 01:28:43

Health: -2/76      AC:  3    Str: 21    XL:     12   Next: 54%
Magic:  0/20       EV: 26    Int: 11    God:
Gold:   1350       SH:  0    Dex: 18    Spells: 3 memorised, 15 levels left
                                        Lives:  0   Deaths: 3

rFire  . . .     SeeInvis +       - Unarmed
rCold  + + .     Gourm    .     (armour unavailable)
rNeg   + . .     Faith    .     (shield unavailable)
rPois  .         Spirit   +     (helmet unavailable)
rElec  .         Reflect  .     (cloak unavailable)
rCorr  .         Harm     .     (gloves unavailable)
MR     +....                    (boots unavailable)
Stlth  ..........               t - amulet of guardian spirit
                                e - ring of Xom's Amusement {rC+ Str+3 SInv}
                                F - ring of positive energy

@: berserking, lethally poisoned (-2 -> -3), very quick
A: no armour, no weapons or thrown items, stealth, claws 1, fangs 3, see
invisible, carnivore 3, speed 1, shaggy fur 3, slow metabolism 1, sharp paws
a: no special abilities


You were on level 12 of the Dungeon.
You were not hungry.

You visited 3 branches of the dungeon, and saw 15 of its levels.

You collected 1350 gold pieces.

Inventory:

Missiles
 B - 297 arrows
Jewellery
 e - the ring of Xom's Amusement (right paw) {rC+ Str+3 SInv}
   (You took it off a crimson imp on level 6 of the Dungeon)

   [ring of strength]

   It affects your strength (+3).
   It protects you from cold.
   It lets you see invisible.
 s - an uncursed ring of protection from fire
 t - an amulet of guardian spirit (around neck)
 v - an uncursed ring of teleportation
 F - a ring of positive energy (left paw)
 Q - a +5 ring of slaying {unknown}
 R - a cursed -2 ring of strength {unknown}
Wands
 i - a wand of random effects (27/48)
 j - a wand of enslavement (11/24)
 r - a wand of polymorph (4/24)
 x - a wand of paralysis (12/24)
 D - a wand of digging (11/24)
 H - a wand of slowing (14/48)
 K - a wand of flame (19/48)
 O - a wand of teleportation (5/9)
 T - a wand of confusion (19/48)
Scrolls
 c - 3 scrolls of teleportation
 g - 2 scrolls of identify
 p - 2 scrolls of amnesia
 u - 2 scrolls of immolation
 y - a scroll of fear
 z - 2 scrolls of magic mapping
 I - a scroll of fog
 M - 4 scrolls of remove curse
 N - a scroll of acquirement {unknown}
Potions
 a - a potion of might
 d - 3 potions of cancellation
 f - a potion of flight
 h - 2 potions of haste
 l - 3 potions of brilliance
 m - 3 potions of degeneration
 o - a potion of mutation
 E - 2 potions of cure mutation
 G - a potion of berserk rage
 S - a potion of agility
Books
 P - a book of Maledictions

   Spells                             Type                      Level
   a - Corona                         Hexes                        1
   b - Ensorcelled Hibernation        Hexes/Ice                    2
   c - Confuse                        Hexes                        3
   d - Tukima's Dance                 Hexes                        3
   e - Dazzling Spray                 Conjuration/Hexes            3
Comestibles
 b - 5 meat rations
 n - 4 beef jerkies
 q - 8 royal jellies
 w - 7 bread rations
 A - 8 fruits


   Skills:
 + Level 5.5 Fighting
 + Level 10.2 Dodging
 + Level 12.6 Stealth
 + Level 15.1 Unarmed Combat
 * Level 5.0 Spellcasting
 * Level 8.3 Hexes
 * Level 3.8 Ice Magic


You had 15 spell levels left.
You knew the following spells:

 Your Spells              Type           Power        Failure   Level  Hunger
a - Corona                Hex            ###....      1%          1    None
b - Ensorcelled Hibernat  Hex/Ice        ###...       2%          2    ##.....
c - Confuse               Hex            ###.....     1%          3    ###....


Dungeon Overview and Level Annotations

Branches:
Dungeon (12/15)            Temple (1/1) D:7            Lair (2/6) D:10
  Swamp (0/4) Lair:2          Orc (0/2) D:12
  Snake: Lair:2-4    Spider: Lair:2-4

Altars:
Ashenzari
Cheibriados
Dithmenos
Elyvilon
Fedhas
Gozag
Hepliaklqana
Kikubaaqudgha
Makhleb
Nemelex Xobeh
Okawaru
Qazlal
Ru
Sif Muna
Trog
Uskayaw
Vehumet
Xom
Yredelemnul
Zin
The Shining One

Shops:
D:9 %=*[*   D:12 }

Annotations:
D:12 3 runed doors


Innate Abilities, Weirdness & Mutations

You cannot wear armour.
You are incapable of wielding weapons or throwing items.
Your paws allow you to move quietly. (Stealth)
You have sharp claws.
You have razor-sharp teeth.
You have supernaturally acute eyesight. (SInv)
You are carnivorous and can eat meat at any time.
You cover ground quickly.
Your thick and shaggy fur keeps you warm. (AC +3, rC+)
You have a slow metabolism.
Your sharp claws are effective at attacking unaware monsters.


Message History

* * * LOW HITPOINT WARNING * * *
You feel sick. The air elemental hits you.
* * * LOW HITPOINT WARNING * * *
The air elemental completely misses you.
The bullfrog zombie completely misses you.
Okay, then.
Okay, then.
Okay, then.
Okay, then.
You feel magically purged. The air elemental closely misses you.
The air elemental completely misses you.
The bullfrog zombie completely misses you.
The air elemental hits you but does no damage.
The bullfrog barely misses you.
Unknown command.
A red film seems to cover your vision as you go berserk!
You feel yourself moving faster!
You feel mighty!
The air elemental completely misses you.
The bullfrog zombie hits you.
You die...

..##.# #.)##......#
..##.###..##..##..#
..##...)......##..#
#########....÷###########
≈≈§§§§§≈#.....##≈≈....#?#
....§≈≈≈#.....##≈≈.§§..##
.....≈§§##..)..#.E§..§..#
......≈§≈#.....'EEE§#...#
.....§.≈§#.....'@Z.§/...#
........§#....##.F......#
........§#....##≈§......#
.......§§#....##≈≈......#
######''###...###########
y§≈§§≈....##..##..#
y..§§......#......#
........)..'......#
...........'.######


You could see an earth elemental, a water elemental, a fire elemental, an air
elemental, a bullfrog and a bullfrog zombie.

Vanquished Creatures
  2 centaur warriors (D:11)
  An ogre mage (D:6)
  4 hill giants
  An orc knight (D:12)
  Maurice (D:10)
  A kobold demonologist (D:11)
  A rime drake (Lair:2)
  A komodo dragon (Lair:2)
  7 trolls
  A meliai (D:12)
  A queen bee (D:11)
  2 hornets
  Prince Ribbit (D:8)
  5 blink frogs (Lair:1)
  4 hippogriffs
  Grinder (D:5)
  A shadow (D:12)
  A wraith (D:10)
  A fire elemental (D:12)
  13 yaks
  A hungry ghost (D:11)
  3 vampire mosquitoes
  Grum (D:10)
  A basilisk (D:12)
  Menkaure (D:6)
  3 wargs (D:10)
  A mottled dragon (D:12)
  4 water moccasins
  2 porcupines
  18 orc warriors
  2 black bears
  An ice beast (D:5)
  3 sky beasts
  2 necrophages
  12 ogres
  5 phantoms
  9 wolves
  4 centaurs
  2 crocodiles
  3 big kobolds
  2 gnoll sergeants (D:5)
  14 bullfrogs
  A water moccasin zombie (D:8)
  5 scorpions
  A water moccasin skeleton (D:6)
  17 killer bees
  5 wights
  3 howler monkeys
  2 lava snakes (D:12)
  3 bullfrog zombies
  8 crimson imps
  A quasit (D:9)
  7 hounds
  3 jellies
  9 orc priests
  3 centaur skeletons
  17 orc wizards
  2 bullfrog skeletons (D:5)
  Terence (D:2)
  8 worker ants
  3 iguanas
  A hound zombie (D:6)
  2 hound skeletons (D:6)
  A worker ant zombie (D:5)
  3 howler monkey zombies
  18 gnolls
  16 adders
  2 howler monkey skeletons
  4 shadow imps
  3 adder skeletons
  A worm (D:2)
  A dart slug (D:2)
  6 leopard geckos
  67 orcs
  6 giant cockroaches
  7 goblins
  7 hobgoblins
  9 jackals
  20 kobolds
  7 quokkas
  2 ball pythons
  7 bats
  6 frilled lizards
  2 quokka zombies
  11 rats
452 creatures vanquished.

Vanquished Creatures (others)
  A fungus (Lair:2)
  A plant (D:2)
2 creatures vanquished.

Grand Total: 454 creatures vanquished

Notes
Turn   | Place    | Note
-------+----------+-------------------------------------------
     0 | D:1      | equalderp2856 the Felid Fighter began the quest for the Orb.
     0 | D:1      | Reached XP level 1. HP: 10/10 MP: 2/2
   305 | D:1      | Reached XP level 2. HP: 14/14 MP: 3/3
   953 | D:2      | Reached XP level 3. HP: 17/17 MP: 4/4
  1291 | D:2      | Found a shattered altar of Ashenzari.
  1295 | D:2      | Saw a vision of the Swamp and the Spider Nest.
  1295 | D:2      | Noticed a wolf spider
  1295 | D:2      | Noticed a bullfrog
  1295 | D:2      | Noticed a redback
  1295 | D:2      | Noticed an alligator
  1295 | D:2      | Noticed an alligator
  1295 | D:2      | Noticed a redback
  1295 | D:2      | Noticed a wolf spider
  1296 | D:2      | Noticed a wolf spider
  1296 | D:2      | Noticed a swamp drake
  1297 | D:2      | Noticed a wolf spider
  1297 | D:2      | Noticed a water moccasin
  1298 | D:2      | Noticed a scorpion
  1403 | D:2      | Reached skill level 5 in Unarmed Combat
  1601 | D:2      | Noticed Terence
  1963 | D:3      | Reached skill level 1 in Stealth
  1963 | D:3      | Reached XP level 4. HP: 21/21 MP: 5/5
  2484 | D:3      | Found a faded altar of an unknown god.
  2689 | D:3      | Found a shattered altar of Ashenzari.
  2856 | D:3      | Killed from afar by an orc priest
  2857 | D:3      | Reached XP level 3. HP: 0/17 MP: 4/4
  2981 | D:3      | Reached XP level 4. HP: 12/21 MP: 5/5
  3461 | D:4      | Reached XP level 5. HP: 15/24 MP: 6/6
  3636 | D:3      | HP: 1/24 [poisoned by an orc wizard]
  3894 | D:4      | Reached skill level 5 in Dodging
  3894 | D:4      | Reached skill level 6 in Unarmed Combat
  3962 | D:4      | Noticed an ogre
  3972 | D:4      | Killed an ogre
  3989 | D:4      | Gained mutation: You are covered in thick fur. (AC +2) [Felid growth]
  3989 | D:4      | Reached XP level 6. HP: 22/28 MP: 7/7
  4215 | D:4      | Found an ancient bone altar of Kikubaaqudgha.
  4426 | D:4      | Found a deep blue altar of Sif Muna.
  5062 | D:5      | Entered Level 5 of the Dungeon
  5137 | D:5      | Reached skill level 7 in Unarmed Combat
  5137 | D:5      | Reached XP level 7. HP: 18/32 MP: 8/8
  5847 | D:5      | Noticed Grinder
  6469 | D:5      | Reached skill level 5 in Stealth
  6933 | D:5      | Reached skill level 8 in Unarmed Combat
  7072 | D:6      | Reached XP level 8. HP: 14/36 MP: 9/9
  7291 | D:6      | Found a sacrificial altar of Ru.
  7455 | D:6      | HP: 1/34 [poisoned by a scorpion]
  7457 | D:6      | Succumbed to a scorpion's poison
  7458 | D:6      | Reached XP level 7. HP: 0/45 MP: 8/8
  7528 | D:7      | Found a sparkling altar of Nemelex Xobeh.
  8129 | D:6      | Got an ancient wooden ring
  9185 | D:2      | Killed Terence
  9253 | D:2      | Reached skill level 9 in Unarmed Combat
  9372 | D:2      | HP: 1/32 [gnoll/halberd (16)]
 10170 | D:5      | Killed Grinder
 10170 | D:5      | Reached XP level 8. HP: 21/36 MP: 9/9
 10987 | D:7      | Reached skill level 10 in Unarmed Combat
 11069 | D:7      | Found a staircase to the Ecumenical Temple.
 11464 | D:7      | Found a basalt altar of Yredelemnul.
 11465 | D:7      | Found a shimmering altar of Xom.
 11730 | D:7      | Reached XP level 9. HP: 35/38 MP: 10/10
 11950 | D:6      | Reached skill level 11 in Unarmed Combat
 12081 | D:6      | Noticed an ogre mage
 12678 | D:8      | Noticed Prince Ribbit
 12694 | D:8      | Killed Prince Ribbit
 12893 | D:8      | Noticed Maurice
 13196 | D:6      | Noticed Menkaure
 13201 | D:6      | Killed Menkaure
 13502 | D:6      | Reached skill level 5 in Fighting
 13573 | D:6      | Killed an ogre mage
 13573 | D:6      | Reached skill level 12 in Unarmed Combat
 13573 | D:6      | Reached XP level 10. HP: 34/44 MP: 11/11
 13779 | Temple   | Entered the Ecumenical Temple
 14450 | D:8      | Killed from afar by an orc wizard
 14451 | D:8      | Reached XP level 9. HP: -7/40 MP: 10/10
 15185 | D:9      | Found Dumop's Assorted Antiques.
 15617 | D:9      | Found Koca's Food Shop.
 15661 | D:9      | Noticed a troll
 15991 | D:9      | You fall through a shaft for 3 floors!
 16089 | D:11     | Noticed a hill giant
 16100 | D:10     | Entered Level 10 of the Dungeon
 16213 | D:10     | Killed Maurice
 16213 | D:10     | Reached skill level 13 in Unarmed Combat
 16381 | D:9      | Found Visalosm's Assorted Antiques.
 16466 | D:9      | Identified the ring of Xom's Amusement {rC+ Str+3 SInv} (You took it off a crimson imp on level 6 of the Dungeon)
 16489 | D:9      | Found Ihat's Jewellery Shop.
 16622 | D:9      | Reached skill level 10 in Stealth
 16623 | D:9      | Reached XP level 10. HP: 26/44 MP: 6/11
 16862 | D:9      | Found Pasiodib's Antique Armour Shoppe.
 17173 | D:10     | Found a staircase to the Lair.
 17354 | D:10     | Noticed Grum
 17438 | D:10     | Killed Grum
 18535 | Lair:1   | Entered Level 1 of the Lair of Beasts
 19318 | Lair:2   | Reached skill level 14 in Unarmed Combat
 19384 | Lair:2   | Noticed a spiny frog
 19460 | Lair:2   | Found a staircase to the Swamp.
 19743 | Lair:1   | Reached XP level 11. HP: 40/48 MP: 10/12
 20614 | D:10     | Noticed a hill giant
 20829 | D:10     | Killed a hill giant
 20829 | D:10     | Reached skill level 10 in Dodging
 20934 | D:11     | Found a shimmering altar of Xom.
 20937 | D:11     | Found a sparkling altar of Nemelex Xobeh.
 20937 | D:11     | Found an opulent altar of Gozag.
 20939 | D:11     | Found a shattered altar of Ashenzari.
 20939 | D:11     | Found a deep blue altar of Sif Muna.
 20939 | D:11     | Found a glowing silver altar of Zin.
 21439 | D:10     | Learned a level 1 spell: Corona
 21442 | D:10     | Learned a level 2 spell: Ensorcelled Hibernation
 21446 | D:10     | Learned a level 3 spell: Confuse
 21689 | D:11     | Reached skill level 1 in Hexes
 22016 | D:11     | Killed a hill giant
 22016 | D:11     | Reached skill level 1 in Spellcasting
 22016 | D:11     | Reached skill level 1 in Ice Magic
 22278 | D:11     | Found an iron altar of Okawaru.
 22278 | D:11     | Noticed a centaur warrior
 22278 | D:11     | Noticed an orc knight
 22591 | D:11     | Noticed a centaur warrior
 22861 | D:11     | Noticed a deep elf knight
 23427 | D:12     | Found a blossoming altar of Fedhas.
 23485 | D:12     | Found a large runed door.
 23486 | D:12     | Found a large runed door.
 23554 | D:12     | Found a staircase to the Orcish Mines.
 24022 | D:12     | Found Xerhiof's Gadget Shoppe.
 24157 | D:11     | Killed a centaur warrior
 24157 | D:11     | Reached skill level 15 in Unarmed Combat
 24300 | D:11     | Killed a centaur warrior
 24300 | D:11     | Gained mutation: Your thick and shaggy fur keeps you warm. (AC +3, rC+) [Felid growth]
 24300 | D:11     | Reached XP level 12. HP: 26/51 MP: 8/17
 24517 | D:11     | Reached skill level 5 in Hexes
 27388 | D:12     | Noticed a stone giant
 27925 | D:12     | Reached skill level 5 in Spellcasting
 27938 | D:12     | Found a runed gate.
 27938 | D:12     | Found a runed gate.
 27938 | D:12     | Found a runed gate.
 28055 | D:12     | HP: 2/51 [poisoned by a killer bee]
 28057 | D:12     | Slain by a bullfrog zombie

Skill      XL: |  1  2  3  4  5  6  7  8  9 10 11 12 |
---------------+-------------------------------------+-----
Unarmed Combat | 5 6 7 9 10 13 14 15 | 15.1
Stealth        | 1 2 3 4 6 7 10 11 12 | 12.6
Dodging        | 5 7 8 9 10 | 10.2
Fighting       | 4 5 |  5.5
Hexes          | 4 8 |  8.3
Spellcasting   | 3 5 |  5.0
Ice Magic      | 2 3 |  3.8

Action                   |  1- 3 |  4- 6 |  7- 9 | 10-12 || total
-------------------------+-------+-------+-------+-------++-------
Melee: Unarmed           |   120 |   121 |   577 |   492 ||  1310
       Bite              |     9 |    11 |    56 |    38 ||   114
       Punch             |     4 |     5 |    35 |    33 ||    77
 Cast: Ensorcelled Hiber |       |       |       |   107 ||   107
       Confuse           |       |       |       |    50 ||    50
       Corona            |       |       |       |     6 ||     6
  Use: Potion            |       |     3 |     7 |     7 ||    17
       Scroll            |       |       |    19 |     9 ||    28
 Stab: Sleeping          |     6 |     3 |    16 |    52 ||    77
       Distracted        |       |       |     7 |    10 ||    17
       Confused          |       |       |       |    12 ||    12
  Eat: Chunk             |     9 |    10 |    17 |    30 ||    66
       Royal jelly       |       |       |       |     1 ||     1
       Pizza             |       |       |       |     1 ||     1
Armor: Skin              |     5 |     4 |    11 |    14 ||    34
Dodge: Dodged            |    80 |   117 |   463 |   432 ||  1092
